 Dungeon Crawl Stone Soup version 0.25.1-2-g60ff931df9 (console) character file.

Game seed: 16338745422861858067

1160 DayCrawler the Cudgeler (level 8, 0/117 HPs)
             Began as a Troll Berserker on Nov 18, 2020.
             Was a Priest of Trog.
             Slain by an ogre
             ... wielding a +0 giant spiked club
              (16 damage)
             ... on level 5 of the Dungeon.
             The game lasted 00:25:06 (3563 turns).

DayCrawler the Cudgeler (Troll Berserker)           Turns: 3563, Time: 00:25:06

Health: 0/117      AC: 24    Str: 28    XL:     8   Next: 16%
Magic:  16/16      EV:  1    Int:  3    God:    Trog [***...]
Gold:   176        SH:  0    Dex:  9    Spells: 7/7 levels left

rFire    . . .     SeeInvis .   a - +0 mace
rCold    . . .     Gourm    +   (no shield)
rNeg     + + +     Faith    .   (armour currently unavailable)
rPois    +         Spirit   .   (helmet currently unavailable)
rElec    .         Reflect  .   (cloak currently unavailable)
rCorr    .         Harm     .   (gloves unavailable)
MR       .....     NoTele   +   (boots unavailable)
Stlth    +.........             (no amulet)
HPRegen  0.69/turn              f - ring of poison resistance
MPRegen  0.15/turn              q - ring of magical power

@: tree-form
A: large, unfitting armour, fast metabolism 3, gourmand, regeneration 1
a: Berserk, Trog's Hand, Renounce Religion


You were on level 5 of the Dungeon.
You worshipped Trog.
Trog was most pleased with you.
You were very full.
You were a tree.
You visited 1 branch of the dungeon, and saw 5 of its levels.

You collected 176 gold pieces.

Inventory:

Hand Weapons
 a - a +0 mace (weapon)
Armour
 b - a +0 animal skin (melded)
Jewellery
 f - a ring of poison resistance (left branch)
 i - an uncursed amulet of faith
 q - a ring of magical power (right branch)
Wands
 p - a wand of flame (13)
Scrolls
 h - 2 scrolls of identify
 k - a scroll of magic mapping
 n - a scroll of teleportation {unknown}
Potions
 d - a potion of resistance {unknown}
 j - 5 potions of curing
 l - a potion of haste {unknown}
Comestibles
 c - 7 rations


   Skills:
 + Level 4.0 Fighting
 * Level 7.2 Maces & Flails
 + Level 4.4 Dodging
 + Level 1.1 Stealth


You had 7 spell levels left.
You didn't know any spells.
Your spell library was empty.

Dungeon Overview and Level Annotations

Branches:
Dungeon (5/15)
 Temple: D:4-7

Altars:
Elyvilon
Kikubaaqudgha
Trog

Annotations:
D:5 Prince Ribbit


Innate Abilities, Weirdness & Mutations

You are too large for most types of armour.
((You have claws for hands.))
Your metabolism is lightning-fast.
You like to eat raw meat.
Your natural rate of healing is unusually fast.
((You are covered in fur. (AC +1)))
((You have extremely tough skin. (AC +3)))


Message History

You hit the ogre.
The ogre is moderately wounded.
You hit the ogre.
The ogre is moderately wounded.
The ogre misses you.
Prince Ribbit blinks!
A bullfrog skeleton comes into view.
You thump the ogre!
The ogre is severely wounded.
The ogre hits you with a +0 giant spiked club!
* * * LOW HITPOINT WARNING * * *
You feel better. The ogre barely misses you.
It was a potion of cancellation.
You feel magically purged.
The bullfrog skeleton hits you but does no damage.
A jackal skeleton comes into view.
The bullfrog skeleton completely misses you.
It was a potion of lignification.
You turn into a tree.
Your +0 animal skin melds into your body.
Your roots penetrate the ground.
The ogre hits you with a +0 giant spiked club!
You die...

......# ..... .....
...... ..Z... #.# ..# ..
. #Z# #.. ... #.. #♣#
..## ....# #...#O###
..###F.(.#.
##..Yhh.###...........
.......F...hY...<.......
..........#.#...........
..........###...........
...##.....##............
... ##....###...........
.. #.....# ##..........
##....# ###........


You could see Prince Ribbit, an ice beast, an ogre, 2 jackals, a jackal skeleton
and a bullfrog skeleton.

Vanquished Creatures
  A centaur skeleton (D:5)
  A phantom (D:4)
  2 sky beasts (D:5)
  A centaur (D:5)
  An ogre (D:5)
  A howler monkey (D:5)
  A jelly (D:4)
  An orc priest (D:4)
  A bullfrog skeleton (D:2)
  An iguana (D:5)
  2 worker ants (D:4)
  An orc wizard (D:4)
  11 adders
  A shadow imp (D:2)
  An ooze (D:3)
  5 worms
  A dart slug (D:1)
  7 leopard geckos
  4 orcs
  2 bats
  3 giant cockroaches
  7 goblins
  6 hobgoblins
  14 jackals
  2 quokkas
  6 frilled lizards
  10 kobolds
  A quokka zombie (D:5)
  9 rats
104 creatures vanquished.

Notes
Turn   | Place    | Note
-------+----------+-------------------------------------------
     0 | D:1      | DayCrawler the Troll Berserker began the quest for the Orb.
     0 | D:1      | Reached XP level 1. HP: 22/22 MP: 0/0
   231 | D:1      | Reached XP level 2. HP: 29/29 MP: 1/1
   532 | D:2      | Reached ** piety under Trog
   532 | D:2      | Reached skill level 3 in Maces & Flails
   610 | D:2      | Reached XP level 3. HP: 27/36 MP: 2/2
   943 | D:2      | Reached XP level 4. HP: 21/45 MP: 3/3
  1149 | D:2      | Reached XP level 5. HP: 27/53 MP: 4/4
  1374 | D:3      | Found a white marble altar of Elyvilon.
  1466 | D:3      | Reached *** piety under Trog
  1839 | D:3      | Reached skill level 4 in Maces & Flails
  2536 | D:4      | Reached XP level 6. HP: 43/61 MP: 5/5
  2684 | D:4      | Reached skill level 5 in Maces & Flails
  3074 | D:4      | Found a bloodstained altar of Trog.
  3080 | D:4      | Found an ancient bone altar of Kikubaaqudgha.
  3216 | D:5      | Entered Level 5 of the Dungeon
  3225 | D:5      | Reached XP level 7. HP: 64/67 MP: 6/6
  3352 | D:5      | Reached skill level 6 in Maces & Flails
  3352 | D:5      | Reached skill level 1 in Stealth
  3413 | D:5      | Reached XP level 8. HP: 35/78 MP: 7/7
  3515 | D:5      | Reached skill level 7 in Maces & Flails
  3549 | D:5      | Noticed Prince Ribbit
  3563 | D:5      | Slain by an ogre

Illustrated notes

Levels and vault maps discovered:
D:1:      dpeg_arrival_refuge, layout_basic
D:2:      layout_basic, first_ration
D:3:      wander_river, layout_loops_corners, elyvilon_altar_4, st_stairs_9,
          serial_bayou_pond_b
D:4:      layout_cave_pools, minitemple, serial_forest, infiniplex_forest_end_2,
          infiniplex_forest_join, infiniplex_forest_clump_cross,
          infiniplex_forest_end_2, infiniplex_forest_clump_diagonal,
          infiniplex_forest_join, infiniplex_forest_clump_double,
          infiniplex_forest_end_2, infiniplex_forest_pool
D:5:      layout_cave_pools, uniq_prince_ribbit1, uniq_crazy_yiuf_cottage

Skill      XL: |  1  2  3  4  5  6  7  8 |
---------------+-------------------------+-----
Maces & Flails | 3 4 5 6 7 |  7.2
Dodging        | 3 4 |  4.4
Fighting       | 3 4 |  4.0
Stealth        | 1 |  1.1

Action                   |  1- 3 |  4- 6 |  7- 9 || total
-------------------------+-------+-------+-------++-------
Melee: Mace              |   137 |   250 |    99 ||   486
  Use: Scroll            |     3 |     5 |       ||     8
       Potion            |     1 |       |     6 ||     7
 Stab: Sleeping          |     1 |     2 |       ||     3
       Distracted        |       |     1 |       ||     1
  Eat: Chunk             |    14 |    19 |     6 ||    39
Armor: Animal skin       |   106 |    72 |    35 ||   213
Dodge: Dodged            |   144 |   153 |    75 ||   372
